 Dungeon Crawl Stone Soup version 0.18-b1-10-g3f7de93 (webtiles) character file.

118472 juanjsm the Unseen (level 16, -1/80 HPs)
             Began as a Spriggan Enchanter on Apr 29, 2016.
             Was the Champion of Ashenzari.
             Slain by a spectral anaconda (3 damage)
             ... called from beyond by a ghost crab
             ... on level 2 of the Swamp.
             The game lasted 04:10:45 (32579 turns).

juanjsm the Unseen (Spriggan Enchanter)            Turns: 32579, Time: 04:10:45

Health: -1/80      AC: 11    Str:  6    XL:     16   Next: 25%
Magic:  27/47      EV: 28    Int: 28    God:    Ashenzari [******]
Gold:   753        SH:  0    Dex: 17    Spells: 12 memorised, 14 levels left

rFire  . . .     SeeInvis +     x - +4 dagger (speed) (curse)
rCold  . . .     Gourm    .     B - +1 robe of the Yeti {MR+ Slay+2} (curse)
rNeg   . . .     Faith    .     (shield restricted)
rPois  +         Spirit   .     N - +3 hat of Pondering {ponderous, MR+ MP+10 Int+5}
rElec  .         Dismiss  .     a - +2 cloak {MR+} (curse)
rCorr  .         Reflect  .     (gloves unavailable)
SustAt .         Harm     .     (boots unavailable)
MR     +++++     Clarity  +     (no amulet)
Stlth  +++++++++.               V - ring of poison resistance (curse)
                                n - ring of flight (curse)

@: flying, constricted, repel missiles, drained, very quick, almost entirely
resistant to hostile enchantments, incredibly stealthy
A: unfitting armour, slimy green scales 1, see invisible, herbivore 3, speed 3,
slow metabolism 2, strong 1
a: Curse Item, Scrying, Transfer Knowledge, Renounce Religion, Stop Flying


You were on level 2 of the Swamp.
You worshipped Ashenzari.
Ashenzari was exalted by your worship.
You were not hungry.

You visited 5 branches of the dungeon, and saw 29 of its levels.
You also visited: Sewer.

You collected 2703 gold pieces.
You spent 1950 gold pieces at shops.

Inventory:

Hand Weapons
 x - a cursed +4 dagger of speed (weapon)
Armour
 a - a cursed +2 cloak of magic resistance (worn)
 c - a +0 buckler
 B - the cursed +1 robe of the Yeti (worn) {MR+ Slay+2}
   (You bought it in a shop on level 1 of the Orcish Mines)

   It affects your accuracy and damage with ranged weapons and melee attacks
   (+2).
   It affects your resistance to hostile enchantments.
   It has a curse placed upon it.
 N - the +3 hat of Pondering (worn) {ponderous, MR+ MP+10 Int+5}
   (You bought it in a shop on level 1 of the Orcish Mines)

   It affects your intelligence (+5).
   It affects your resistance to hostile enchantments.
   It affects your magic capacity (+10).
Jewellery
 e - a cursed ring of teleportation
 n - a cursed ring of flight (left hand)
 V - a cursed ring of poison resistance (right hand)
Wands
 f - a wand of iceblast (10/15)
 q - a wand of teleportation (5/9)
 y - a wand of paralysis (12/24)
 L - a wand of disintegration (5/24)
 P - a wand of lightning (3/15)
 X - a wand of acid (12/15)
Scrolls
 g - 5 scrolls of magic mapping
 j - a scroll of amnesia
 o - 5 scrolls of fog
 s - 5 scrolls of identify
 t - 8 scrolls of immolation
 w - 9 scrolls of recharging
 z - a scroll of silence
 C - 2 scrolls of fear
 D - 10 scrolls of teleportation
 F - 2 scrolls of blinking
 S - 5 scrolls of remove curse
Potions
 b - 2 potions of berserk rage
 h - 10 potions of curing
 i - 4 potions of cure mutation
 k - 6 potions of brilliance
 l - a potion of cancellation
 m - 7 potions of heal wounds
 p - 3 potions of haste
 r - 4 potions of flight
 v - 9 potions of lignification
 A - a potion of mutation
 G - a potion of might
 I - a potion of ambrosia
 U - a potion of agility
Comestibles
 d - 15 bread rations
 u - 17 royal jellies
 Q - 5 fruits


   Skills:
 * Level 7.1(6.7) Fighting
 + Level 10.0(13.8) Short Blades
 + Level 13.4(15.5) Dodging
 + Level 20.1(21.8) Stealth
 * Level 3.4(3.0) Shields
 * Level 16.9(16.4) Spellcasting
 * Level 1.8(3.6) Conjurations
 + Level 13.2(15.4) Hexes
 + Level 1.1(2.5) Translocations
 + Level 6.5(9.2) Ice Magic
 * Level 7.7(10.3) Evocations


You had 14 spell levels left.
You knew the following spells:

 Your Spells              Type           Power        Failure   Level  Hunger
a - Corona                Hex            #######      0%          1    None
b - Ensorcelled Hibernat  Hex/Ice        ######       1%          2    None
c - Confuse               Hex            #######.     0%          3    None
d - Repel Missiles        Chrm/Air       ###...       3%          2    None
e - Dazzling Spray        Conj/Hex       ######..     1%          3    None
f - Apportation           Tloc           #####.....   1%          1    None
g - Mephitic Cloud        Conj/Pois/Air  ####....     4%          3    None
h - Regeneration          Chrm/Necr      ###.......   8%          3    None
i - Fulminant Prism       Conj/Hex       ######....   1%          4    None
j - Invisibility          Hex            #######.     1%          6    ###....
k - Iskenderun's Mystic   Conj           #####...     6%          4    None
l - Cure Poison           Pois           ###.......   3%          2    None


Dungeon Overview and Level Annotations

Branches:
Dungeon (15/15)            Temple (1/1) D:5            Lair (8/8) D:9
  Swamp (3/4) Lair:5       Spider (0/4) Lair:3        Slime (0/6) Lair:8
    Orc (2/2) D:12            Elf (0/3) Orc:2        Vaults (0/5) D:13
 Depths (0/5) D:15

Altars:
Ashenzari
Cheibriados
Dithmenos
Elyvilon
Fedhas
Gozag
Kikubaaqudgha
Makhleb
Nemelex Xobeh
Okawaru
Pakellas
Qazlal
Ru
Sif Muna
Trog
Vehumet
Xom
Yredelemnul
Zin
The Shining One
Beogh
Jiyva

Shops:
D:4 (}%   D:6 }   D:8 (   D:9 *:!!*   Orc:1 (:[   Orc:2 ?[(?[

Annotations:
D:12 exclusion: oklob plant
Lair:8 1 runed door


Innate Abilities, Weirdness & Mutations

You are tiny and cannot use many weapons and most armour.
You have supernaturally acute eyesight.
You are a herbivore.
You cover ground extremely quickly.
You need consume almost no food.
You are partially covered in slimy green scales (AC +2).
Your muscles are strong. (Str +2)


Message History

The spectral anaconda constricts you.
The spectral anaconda completely misses you.
* * * LOW HITPOINT WARNING * * *
The spectral anaconda constricts you.
The ghost crab breathes ghostly flame at you.
The spectral mist engulfs you!
The six-headed hydra is engulfed in spectral mist.
The six-headed hydra closely misses you.
The six-headed hydra completely misses you.
The six-headed hydra misses you.
The six-headed hydra bites you but does no damage.
The six-headed hydra completely misses you.
The six-headed hydra closely misses you.
The spriggan rider is engulfed in spectral mist.
The spriggan dies!
Your attempt to break free from the spectral anaconda fails, but you feel that another attempt might succeed.
You are engulfed in spectral mist.
* * * LOW HITPOINT WARNING * * *
The spectral anaconda closely misses you.
You die...

≈, ≈≈ ≈≈
*♣♣..≈≈≈..≈≈≈≈≈≈≈.≈♣ ≈≈,
, *
***♣.....≈....≈≈≈≈≈.. ≈≈
* **
,≈≈♣..D≈♣≈.≈≈≈≈≈≈≈≈. ≈ ≈
≈** ,
≈≈.≈≈...♣♣♣≈.≈..≈≈≈≈≈
*** ≈
,♣♣....≈♣♣♣♣♣.♣≈≈≈≈. * *
♣♣♣♣.≈≈.♣ ♣≈≈..≈≈≈( *
♣♣♣§.§§≈§.♣ ♣♣≈.>≈≈≈.
♣♣..§§≈§§≈♣ ♣♣♣...♣♣♣
♣≈...§@t♣♣♣♣♣♣♣≈≈.♣♣♣ *
***
*♣...≈.§ZD♣♣≈.≈≈≈.≈≈..♣
, *
*.≈≈≈≈≈§♣Zi§§§.≈.≈≈≈≈..♣
,≈≈*
*.≈≈≈≈..§♣♣§y≈.♣♣♣≈≈≈..♣
* ≈, *
..(♣..♣♣♣§..♣♣♣♣♣.≈≈.≈♣
,, ≈ *♣♣ ♣♣♣
♣♣♣♣♣♣=..≈♣♣♣..♣ ,, ≈≈ *
♣.≈♣≈..≈≈≈♣♣..♣♣ ≈*
♣♣≈♣..≈≈≈.♣...♣ , ≈ ,
♣♣♣* ♣♣.♣♣♣≈....≈≈..♣ *


You could see a six-headed hydra, a five-headed hydra (confused), a spriggan
rider, a ghost crab, a spectral anaconda, a spectral giant leech and a wasp
(confused).

Vanquished Creatures
  Rupert (D:13)
  Maud (Lair:4)
  An orc warlord (Orc:2)
  A dire elephant (D:15)
  An ettin (Orc:2)
  4 vault guards (D:13)
  Fannar (D:12)
  14 hydras
  3 catoblepae
  A death knight (D:14)
  A centaur warrior (D:14)
  8 alligators
  A tengu warrior (D:15)
  4 death yaks (Lair:8)
  A deep troll shaman (Lair:8)
  6 hill giants
  2 unseen horrors
  A deep elf archer (D:13)
  4 lindwurms (Lair:8)
  3 deep elf magi
  4 orc knights
  A wizard (D:13)
  7 orc sorcerers
  3 cyclopes
  9 ugly things
  2 manticores (D:15)
  2 griffons
  A wolf spider (D:15)
  A salamander (D:15)
  43 elephants
  Maurice (D:11)
  9 black mambas
  3 centaur zombies
  A torpor snail (Lair:3)
  2 gargoyles
  8 spiny frogs
  A yaktaur (shapeshifter) (D:15)
  3 kobold demonologists
  A rime drake (Lair:1)
  10 komodo dragons
  An efreet (D:15)
  A yaktaur (D:13)
  A redback zombie (D:14)
  A tengu conjurer (D:13)
  2 polar bears
  A queen bee (Lair:3)
  2 trolls
  2 giant leeches (Swamp:1)
  A merfolk (D:12)
  2 two-headed ogres
  Grinder (D:4)
  5 bog bodies
  22 blink frogs
  17 slime creatures
  Sigmund (D:3)
  2 vampires
  2 spriggans
  A wraith (D:8)
  2 wyverns
  5 basilisks
  35 yaks
  A steam dragon (D:9)
  2 hungry ghosts (D:12)
  5 hippogriffs
  15 vampire mosquitoes
  A mottled dragon (D:14)
  4 wargs
  A soldier ant (D:14)
  5 swamp worms
  17 water moccasins
  3 insubstantial wisps (Swamp:1)
  3 swamp drakes (Swamp:1)
  18 porcupines
  A necrophage (D:11)
  20 orc warriors
  A black bear (Lair:8)
  A wasp (Swamp:2)
  6 ogres
  4 sky beasts
  An eye of draining (D:15)
  6 phantoms
  An ice beast (D:15)
  5 wolves (Lair:8)
  20 centaurs
  21 crocodiles
  5 big kobolds
  20 giant frogs
  A wyvern skeleton (D:13)
  3 scorpions
  2 troll zombies (D:12)
  34 killer bees
  5 wights (D:14)
  3 electric eels
  6 crimson imps
  2 howler monkeys
  3 giant frog zombies
  9 hounds
  2 quasits
  3 jellies
  25 orc priests
  2 giant frog skeletons
  5 centaur skeletons
  26 orc wizards
  Jessica (D:3)
  7 iguanas
  5 hell rats (Lair:7)
  10 worker ants
  30 sheep
  4 ogre zombies (D:12)
  2 hound zombies
  A hound skeleton (D:6)
  Robin (D:2)
  A howler monkey skeleton (D:10)
  19 adders
  6 gnolls (D:2)
  50 river rats
  3 shadow imps
  12 white imps (Lair:2)
  2 oozes
  2 adder zombies
  2 adder skeletons
  5 worms
  2 dart slugs
  A giant gecko (D:6)
  100 orcs
  5 bats
  4 giant cockroaches
  15 goblins
  11 hobgoblins
  15 jackals
  6 quokkas
  2 ball pythons
  6 giant newts
  2 gnoll zombies (D:9)
  A goblin skeleton (D:12)
  A goblin zombie (D:12)
  A hobgoblin skeleton (D:12)
  5 hobgoblin zombies (D:12)
  29 kobolds
  2 orc skeletons (D:12)
  9 orc zombies (D:12)
  14 rats
  3 fulminant prisms
  2 fungi (Lair:8)
995 creatures vanquished.

Vanquished Creatures (others)
  A spriggan (Swamp:2)
  An orc wizard (Orc:2)
  2 bushes (Lair:8)
  32 fulminant prisms
  48 fungi
  32 plants
116 creatures vanquished.

Grand Total: 1111 creatures vanquished

Notes
Turn   | Place    | Note
--------------------------------------------------------------
     0 | D:1      | juanjsm the Spriggan Enchanter began the quest for the Orb.
     0 | D:1      | Reached XP level 1. HP: 9/9 MP: 5/5
   223 | D:1      | Reached XP level 2. HP: 13/13 MP: 6/6
   227 | D:1      | Learned a level 2 spell: Ensorcelled Hibernation
   282 | D:1      | Reached skill level 5 in Stealth
  1135 | D:2      | Reached XP level 3. HP: 16/16 MP: 3/8
  1140 | D:2      | Learned a level 3 spell: Confuse
  1211 | D:2      | Noticed Robin
  1666 | D:2      | Learned a level 2 spell: Repel Missiles
  1737 | D:2      | Reached skill level 6 in Stealth
  1746 | D:2      | Reached XP level 4. HP: 21/21 MP: 2/9
  1964 | D:2      | Killed Robin
  2421 | D:2      | Reached XP level 5. HP: 24/24 MP: 7/11
  2916 | D:3      | Learned a level 3 spell: Dazzling Spray
  2989 | D:3      | Noticed Jessica
  2996 | D:3      | Killed Jessica
  2996 | D:3      | Reached skill level 1 in Ice Magic
  3143 | D:3      | Reached skill level 7 in Stealth
  3223 | D:3      | Noticed Sigmund
  3314 | D:3      | Killed Sigmund
  3314 | D:3      | Reached XP level 6. HP: 29/29 MP: 6/14
  3332 | D:3      | Reached skill level 5 in Hexes
  3360 | D:4      | Found Ossir's Weapon Shoppe.
  3715 | D:4      | Noticed Grinder
  3729 | D:4      | Reached skill level 8 in Stealth
  3749 | D:4      | Found Boercha's Gadget Boutique.
  3809 | D:4      | Reached skill level 5 in Spellcasting
  3809 | D:4      | Reached XP level 7. HP: 32/32 MP: 11/15
  3877 | D:4      | Found Ocrasto's Food Boutique.
  3884 | D:4      | Killed Grinder
  3890 | D:5      | Entered Level 5 of the Dungeon
  4023 | D:5      | Found a staircase to the Ecumenical Temple.
  4065 | D:5      | Found a white marble altar of Elyvilon.
  4072 | D:5      | Reached skill level 9 in Stealth
  4207 | D:5      | Found a blossoming altar of Fedhas.
  4628 | D:5      | Found a glowing drain.
  4660 | Sewer    | Entered a sewer
  4803 | Sewer    | Reached XP level 8. HP: 35/37 MP: 13/17
  5103 | D:5      | Reached skill level 10 in Stealth
  5222 | Temple   | Entered the Ecumenical Temple
  5228 | Temple   | Became a worshipper of Ashenzari the Shackled
  5390 | D:6      | Found Sots's Gadget Shop.
  5680 | D:6      | Reached skill level 5 in Dodging
  5831 | D:6      | Reached skill level 1 in Fighting
  6044 | D:7      | Found a white marble altar of Elyvilon.
  6116 | D:7      | Reached skill level 11 in Stealth
  6153 | D:7      | Reached * piety under Ashenzari
  6781 | D:7      | Reached XP level 9. HP: 41/41 MP: 15/19
  7197 | D:9      | Found a snail-covered altar of Cheibriados.
  7421 | D:8      | Found Kimeut's Antique Weapon Emporium.
  7801 | D:8      | Reached skill level 12 in Stealth
  8232 | D:8      | Learned a level 1 spell: Apportation
  8236 | D:8      | Learned a level 3 spell: Mephitic Cloud
  8296 | D:10     | Entered Level 10 of the Dungeon
  8525 | D:9      | Found a staircase to the Lair.
  8722 | D:9      | Found a sacrificial altar of Ru.
  8722 | D:9      | Found a shimmering altar of Xom.
  8739 | D:9      | Found Gualemex's Assorted Antiques.
  8745 | D:9      | Bought 2 scrolls of identify for 116 gold pieces
  8831 | D:9      | Found Lointiph's Distillery.
  8836 | D:9      | Bought a potion of heal wounds for 75 gold pieces
  8872 | D:9      | Found Liremok's Book Boutique.
  8872 | D:9      | Found Johes's Assorted Antiques.
  8887 | D:9      | Bought a scroll of identify for 68 gold pieces
  8952 | D:9      | Found Lahuff's Distillery.
  8981 | D:9      | Found a basalt altar of Yredelemnul.
  9023 | D:9      | Reached XP level 10. HP: 45/45 MP: 18/22
  9111 | Lair:1   | Entered Level 1 of the Lair of Beasts
  9111 | Lair:1   | Reached ** piety under Ashenzari
  9195 | Lair:1   | Reached skill level 13 in Stealth
  9507 | Lair:1   | Noticed a spiny frog
  9735 | Lair:1   | Noticed a spiny frog
  9738 | Lair:1   | Killed a spiny frog
  9808 | Lair:1   | Killed a spiny frog
  9808 | Lair:1   | Reached skill level 5 in Short Blades
  9966 | Lair:2   | Noticed an eight-headed hydra
 10059 | Lair:3   | Reached *** piety under Ashenzari
 10210 | Lair:2   | Found a frozen archway.
 10441 | Lair:2   | Noticed a five-headed hydra
 10475 | Lair:2   | Killed an eight-headed hydra
 10475 | Lair:2   | Reached skill level 14 in Stealth
 10494 | Lair:2   | Killed a five-headed hydra
 10550 | Lair:2   | Reached XP level 11. HP: 49/49 MP: 11/25
 10766 | Lair:2   | Learned a level 3 spell: Regeneration
 11333 | Lair:2   | Noticed a seven-headed hydra
 11368 | Lair:2   | Killed a seven-headed hydra
 11440 | Lair:2   | Reached skill level 10 in Spellcasting
 11758 | Lair:3   | Reached skill level 10 in Dodging
 11787 | Lair:3   | Noticed a four-headed hydra
 11821 | Lair:3   | Killed a four-headed hydra
 11866 | Lair:3   | Reached **** piety under Ashenzari
 11872 | Lair:3   | Reached skill level 15 in Stealth
 12057 | Lair:3   | Found a hole to the Spider Nest.
 12057 | Lair:3   | Noticed a wolf spider
 12150 | Lair:3   | Noticed a death yak
 12151 | Lair:3   | Noticed a death yak
 12439 | Lair:3   | Reached skill level 10 in Hexes
 12454 | Lair:3   | Noticed an eight-headed hydra
 12466 | Lair:3   | Killed an eight-headed hydra
 12708 | Lair:3   | Reached XP level 12. HP: 36/53 MP: 17/28
 13704 | Lair:4   | Noticed Maud
 13794 | Lair:4   | Learned a level 4 spell: Fulminant Prism
 13850 | Lair:4   | Noticed a death yak
 13890 | Lair:4   | Noticed a seven-headed hydra
 13979 | Lair:4   | Reached skill level 16 in Stealth
 14199 | Lair:4   | Killed a seven-headed hydra
 14391 | Lair:4   | Killed Maud
 14456 | Lair:4   | Reached skill level 5 in Ice Magic
 14540 | Lair:4   | Noticed a death yak
 14696 | Lair:5   | Got the flail of Toaqav {drain, rElec rC+ Str+2}
 14805 | Lair:5   | Found a staircase to the Swamp.
 14888 | Lair:5   | Reached ***** piety under Ashenzari
 15025 | Lair:5   | Identified the +2 ring mail of Nemelex Xobeh's Scorn {rElec rC+ Int+2}
 15174 | Lair:5   | Reached XP level 13. HP: 60/60 MP: 22/30
 15323 | Lair:5   | Identified the +6 flail of Toaqav {drain, rElec rC+ Str+2} (You found it on level 5 of the Lair of Beasts)
 15638 | Lair:5   | Reached skill level 17 in Stealth
 16562 | Lair:8   | Entered Level 8 of the Lair of Beasts
 17734 | Lair:7   | Reached skill level 18 in Stealth
 18459 | Lair:8   | Reached XP level 14. HP: 67/67 MP: 18/32
 18490 | Lair:8   | Found a staircase to the Slime Pits.
 18491 | Lair:8   | Noticed an acid blob
 18492 | Lair:8   | Found a viscous altar of Jiyva.
 18492 | Lair:8   | Noticed an acid blob
 18492 | Lair:8   | Noticed an acid blob
 18493 | Lair:8   | Found a runed door.
 18722 | Lair:8   | Reached skill level 1 in Conjurations
 19252 | Lair:8   | Reached skill level 1 in Evocations
 19514 | Lair:8   | Reached skill level 5 in Fighting
 20166 | Lair:8   | Identified the +8 glaive of the Pariah {drain, rN++ Str-2 Stlth+}
 21025 | Lair:5   | Identified a scroll of acquirement
 21048 | Lair:5   | Identified the +8 chain mail of Grace {MR+ Regen+ Str-2 Int+4}
 21183 | D:9      | Bought a book of Party Tricks for 600 gold pieces
 21191 | D:9      | Learned a level 6 spell: Invisibility
 21802 | D:10     | Identified the +9 mace of Somewhere Else {freeze, *Confuse rElec rC+ Dex+2}
 22807 | D:11     | Noticed Maurice
 22829 | D:11     | Killed Maurice
 23560 | D:12     | Found a staircase to the Orcish Mines.
 23953 | D:12     | Noticed Fannar
 23960 | D:12     | Killed Fannar
 24153 | D:12     | Found an oddly glowing altar of Pakellas.
 24386 | D:12     | Reached skill level 15 in Spellcasting
 24506 | D:12     | Reached ****** piety under Ashenzari
 24564 | Orc:1    | Entered Level 1 of the Orcish Mines
 24564 | Orc:1    | Found Qoh Jieff's Antique Armour Emporium.
 24737 | Orc:2    | Entered Level 2 of the Orcish Mines
 24737 | Orc:2    | Found Toacar's Antique Armour Shoppe.
 24743 | Orc:2    | Reached skill level 19 in Stealth
 24975 | Orc:2    | Found Nykoz's Magic Scroll Emporium.
 24975 | Orc:2    | Found a roughly hewn altar of Beogh.
 24985 | Orc:2    | Found a roughly hewn altar of Beogh.
 25060 | Orc:2    | Found a staircase to the Elven Halls.
 25198 | Orc:2    | Found a roughly hewn altar of Beogh.
 25276 | Orc:2    | Bought a scroll of identify for 34 gold pieces
 25276 | Orc:2    | Bought a scroll of identify for 34 gold pieces
 25276 | Orc:2    | Bought a scroll of remove curse for 51 gold pieces
 25448 | Orc:2    | Found a roughly hewn altar of Beogh.
 25448 | Orc:2    | Found Gaxkamy's Magic Scroll Shop.
 25576 | Orc:2    | Found a roughly hewn altar of Beogh.
 25684 | Orc:2    | Found a roughly hewn altar of Beogh.
 25728 | Orc:1    | Found Ylud's Book Boutique.
 25738 | Orc:1    | Found Vapif's Antique Weapon Shoppe.
 25740 | Orc:1    | Reached skill level 5 in Evocations
 25966 | Orc:2    | Found a roughly hewn altar of Beogh.
 25966 | Orc:2    | Found Faiwouv's Antique Weapon Emporium.
 25966 | Orc:2    | Found Vylac's Antique Armour Shoppe.
 25966 | Orc:2    | Noticed an orc warlord
 26075 | Orc:2    | Reached XP level 15. HP: 64/73 MP: 4/35
 26310 | Orc:2    | Killed an orc warlord
 26809 | Orc:1    | Bought a glowing robe for 16 gold pieces
 26816 | Orc:1    | Bought a shimmering cloak for 218 gold pieces
 26816 | Orc:1    | Identified the +1 cloak of Surprise {Str+4 Int+4} (You bought it in a shop on level 1 of the Orcish Mines)
 26818 | Orc:1    | Bought a wizard robe for 131 gold pieces
 26818 | Orc:1    | Identified the +1 robe of the Yeti {MR+ Slay+2} (You bought it in a shop on level 1 of the Orcish Mines)
 26820 | Orc:1    | Bought the +3 hat of Pondering {ponderous, MR+ MP+10 Int+5} for 393 gold pieces
 26834 | Orc:1    | Learned a level 4 spell: Iskenderun's Mystic Blast
 27094 | Lair:2   | Gained mutation: Your muscles are strong. (Str +2) [potion of mutation]
 27094 | Lair:2   | Gained mutation: You are partially covered in slimy green scales (AC +2). [potion of mutation]
 27197 | D:9      | Bought 2 puce potions for 61 gold pieces
 27197 | D:9      | Bought a buckler for 153 gold pieces
 27472 | D:13     | Noticed Rupert
 28157 | D:13     | Killed Rupert
 28464 | D:13     | Found a gate to the Vaults.
 28467 | D:13     | Reached skill level 1 in Shields
 28550 | D:15     | Entered Level 15 of the Dungeon
 28628 | D:14     | Learned a level 2 spell: Cure Poison
 30068 | D:15     | Found a shadowy altar of Dithmenos.
 30622 | D:15     | Found a staircase to the Depths.
 31052 | Lair:5   | Reached XP level 16. HP: 79/79 MP: 37/37
 31259 | Swamp:1  | Entered Level 1 of the Swamp
 31272 | Swamp:1  | Reached skill level 10 in Short Blades
 31600 | Swamp:1  | Reached skill level 20 in Stealth
 31762 | Swamp:1  | Reached skill level 1 in Translocations
 32397 | Swamp:3  | Noticed a thorn hunter
 32578 | Swamp:2  | HP: 4/80 [spectral anaconda[a ghost crab] (2)]
 32579 | Swamp:2  | Slain by a spectral anaconda

Skill      XL: |  1  2  3  4  5  6  7  8  9 10 11 12 13 14 15 16 |
---------------+-------------------------------------------------+-----
Stealth        | 5 6 7 8 9 11 12 14 15 16 18 19 20 | 20.1
Hexes          | 4 5 6 7 8 9 10 11 12 13 | 13.2
Spellcasting   | 3 4 5 6 7 9 11 12 13 15 16 | 16.9
Ice Magic      | 1 2 3 4 5 6 |  6.5
Dodging        | 4 6 8 9 10 12 13 | 13.4
Fighting       | 1 3 4 6 7 |  7.1
Short Blades   | 2 4 5 7 8 9 10 | 10.0
Conjurations   | 1 |  1.8
Evocations     | 5 7 |  7.7
Shields        | 2 3 |  3.4
Translocations | 1 |  1.1

Action                   |  1- 3 |  4- 6 |  7- 9 | 10-12 | 13-15 | 16-18 || total
-------------------------+-------+-------+-------+-------+-------+-------++-------
Melee: Dagger            |    50 |   166 |   284 |   323 |   969 |   101 ||  1893
       Flail             |       |       |       |       |    11 |       ||    11
 Cast: Corona            |     5 |       |       |       |       |       ||     5
       Ensorcelled Hiber |    20 |    46 |   119 |   197 |   376 |    18 ||   776
       Repel Missiles    |     1 |       |       |     3 |     2 |       ||     6
       Confuse           |       |     8 |    32 |    48 |   193 |    29 ||   310
       Dazzling Spray    |       |       |     4 |     8 |    23 |     9 ||    44
       Regeneration      |       |       |       |     1 |       |       ||     1
       Apportation       |       |       |       |       |     9 |     1 ||    10
       Fulminant Prism   |       |       |       |       |    36 |       ||    36
       Invisibility      |       |       |       |       |     9 |       ||     9
       Mephitic Cloud    |       |       |       |       |     4 |       ||     4
       Iskenderun's Myst |       |       |       |       |     2 |       ||     2
Invok: Curse Item        |       |       |     2 |     1 |     2 |     1 ||     6
       Scrying           |       |       |       |       |     9 |       ||     9
 Abil: Evoke Flight      |       |       |       |       |     4 |     2 ||     6
       Stop Flying       |       |       |       |       |     2 |       ||     2
  Use: Scroll            |       |     4 |    13 |    10 |    10 |     2 ||    39
       Potion            |       |       |     1 |     2 |     5 |     2 ||    10
 Stab: Sleeping          |    27 |    41 |   104 |   149 |   318 |    19 ||   658
       Confused          |       |     5 |    22 |    31 |   106 |    17 ||   181
       Distracted        |       |     2 |     3 |     2 |    10 |       ||    17
       Invisible         |       |       |     2 |    12 |    59 |       ||    73
  Eat: Bread ration      |       |     1 |     1 |       |       |       ||     2
       Pizza             |       |       |     1 |     2 |     1 |       ||     4
       Fruit             |       |       |       |       |    16 |       ||    16
       Royal jelly       |       |       |       |       |     1 |       ||     1
Armor: Robe              |     5 |    10 |    17 |    19 |    31 |     6 ||    88
Dodge: Dodged            |    32 |    89 |   137 |   246 |   445 |    54 ||  1003
       Deflected         |       |       |     2 |     5 |     7 |       ||    14
